 Dungeon Crawl Stone Soup version 0.21.0-25-ge575cb9 (webtiles) character file.

1596 Moloch the Magician (level 8, -15/69 HPs)
             Began as an Octopode Wizard on Jan 22, 2018.
             Was a Believer of Vehumet.
             Killed from afar by sankara's ghost (24 damage)
             ... with a spray of energy
             ... on level 6 of the Dungeon.
             The game lasted 00:31:49 (7974 turns).

Moloch the Magician (Octopode Wizard)               Turns: 7974, Time: 00:31:49

Health: -15/69     AC: 24    Str:  7    XL:     8   Next: 93%
Magic:  19/19      EV:  2    Int: 22    God:    Vehumet [**....]
Gold:   239        SH:  0    Dex: 10    Spells: 6/22 levels left

rFire    . . .     SeeInvis .   A - +3 halberd (venom)
rCold    . . .     Gourm    .   (shield currently unavailable)
rNeg     + + +     Faith    .   (helmet currently unavailable)
rPois    +         Spirit   .   (no amulet)
rElec    .         Reflect  .   (no ring)
rCorr    .         Harm     .   (no ring)
MR       .....     NoTele   +   (no ring)
Stlth    ++........             (no ring)
HPRegen  0.21/turn              (no ring)
MPRegen  0.16/turn              (no ring)
                                (no ring)
                                (no ring)

@: tree-form, very slightly contaminated
A: almost no armour, stealthy swim, (amphibious), 8 rings, (constrict 8)
a: Renounce Religion


You were on level 6 of the Dungeon.
You worshipped Vehumet.
Vehumet was pleased with you.
You were not hungry.
You were a tree.
You visited 2 branches of the dungeon, and saw 7 of its levels.
You also visited: Sewer.

You collected 239 gold pieces.

Inventory:

Hand Weapons
 x - a +0 blowgun
 A - a +3 halberd of venom (weapon)
Missiles
 n - 5 javelins (quivered)
 y - 48 poisoned needles
Armour
 a - a +0 hat (melded)
Jewellery
 j - an uncursed ring of ice
Wands
 p - a wand of polymorph (17)
 u - a wand of iceblast (2)
Scrolls
 d - 5 scrolls of blinking
 f - 3 scrolls of amnesia {unknown}
 g - 3 scrolls of remove curse
 i - 3 scrolls of enchant armour {unknown}
 m - 5 scrolls of teleportation {unknown}
 o - a scroll of immolation {unknown}
 s - a scroll of random uselessness {unknown}
 v - a scroll of fear {unknown}
 w - a scroll of magic mapping {unknown}
Potions
 e - 4 potions of brilliance
 h - a potion of cancellation
 t - 2 potions of flight {unknown}
 z - 3 potions of curing {unknown}
Books
 B - a book of Conjurations

   Spells                             Type                      Level
   a - Magic Dart                     Conjuration                  1
   b - Searing Ray                    Conjuration                  2
   c - Dazzling Spray                 Conjuration/Hexes            3
   d - Fulminant Prism                Conjuration/Hexes            4
   e - Force Lance                    Conjuration/Translocation    4
   f - Iskenderun's Mystic Blast      Conjuration                  4
Comestibles
 c - 12 rations


   Skills:
 - Level 2.0 Dodging
 - Level 2.6 Stealth
 + Level 7.8 Spellcasting
 - Level 6.9 Conjurations
 - Level 1.0 Summonings
 - Level 1.0 Translocations
 * Level 2.7 Fire Magic


You had 6 spell levels left.
You knew the following spells:

 Your Spells              Type           Power        Failure   Level  Hunger
a - Magic Dart            Conj           ####         1%          1    None
b - Blink                 Tloc           N/A          8%          2    None
c - Call Imp              Summ           ##......     8%          2    None
d - Mephitic Cloud        Conj/Pois/Air  ###.....     9%          3    None
e - Conjure Flame         Conj/Fire      ####....     3%          3    None
f - Freeze                Ice            #...         8%          1    None
g - Force Lance           Conj/Tloc      ####....     14%         4    ###....


Dungeon Overview and Level Annotations

Branches:
Dungeon (6/15)             Temple (1/1) D:4

Altars:
Ashenzari
Cheibriados
Dithmenos
Elyvilon
Fedhas
Gozag
Hepliaklqana
Kikubaaqudgha
Makhleb
Nemelex Xobeh
Okawaru
Qazlal
Ru
Sif Muna
Trog
Uskayaw
Vehumet
Wu Jian
Xom
Yredelemnul
The Shining One

Annotations:
D:6 Blork the orc; sankara's ghost, novice DrCj


Innate Abilities, Weirdness & Mutations

You cannot wear most types of armour.
You are very stealthy in the water. (Stealth+)
((You are amphibious.))
You can wear up to eight rings at the same time.
((You can use your tentacles to constrict eight enemies at once.))
((Your skin changes colour to match your surroundings (Stealth+).))
((Your rubbery body absorbs attacks. (AC +1, EV +1)))


Message History

Sankara's ghost gestures at you while chanting.
The magic dart hits you!
Your crimson imp blinks!
Sankara's ghost hits you but does no damage.
Your crimson imp blinks!
You feel less invigorated.
Sankara's ghost hits you but does no damage.
You are electrocuted!
Your crimson imp hits sankara's ghost but does no damage.
You closely miss sankara's ghost.
Sankara's ghost is moderately damaged.
Sankara's ghost hits you but does no damage.
You are electrocuted!
* * * LOW HITPOINT WARNING * * *
Your crimson imp blinks!
You swing at nothing.
You feel less confused. Sankara's ghost casts a spell at you.
The spray of energy hits you!
You die...

#.#######>.....# ##..
######.# ####(.:######
##<.. ...##..#
########......####....
.<.#..##
#.....##...##.†.......
..z..##
#.....####....####....
§...## #.....# ####.#
##... .§z.# #.....##
###.####.... ...##
#......# #..........[
...#
#..§.♣.####.####......
...## ###.W#<#....#
###.... ...z###
##.#.#.#### ##...
###...## #5#...# ##..
###..### #..)......#
### ##..o# #.#..####..
###z..#..##.# #.
##.z.# #.# #.
#....##.# #.


You could see sankara's ghost and a friendly crimson imp.

Vanquished Creatures
  A sky beast (D:5)
  An ice beast (D:5)
  2 centaurs
  A big kobold (Sewer)
  2 gnoll sergeants
  A wight (D:6)
  2 howler monkeys
  An orc priest (D:4)
  3 gnoll shamans (D:5)
  4 orc wizards
  An iguana (D:6)
  A worker ant (D:6)
  A worker ant zombie (D:6)
  Robin (D:2)
  45 gnolls
  7 adders
  2 river rats (Sewer)
  An ooze (D:1)
  An adder zombie (D:5)
  2 adder skeletons
  2 worms (D:4)
  A dart slug (D:1)
  4 leopard geckos
  10 orcs
  5 giant cockroaches
  10 hobgoblins
  29 jackals
  2 quokkas
  A ball python (D:5)
  11 bats
  2 frilled lizards
  9 goblins
  8 kobolds
  A quokka skeleton (D:6)
  8 rats
183 creatures vanquished.

Vanquished Creatures (collateral kills)
  An adder (D:2)
  2 goblins (D:2)
  3 hobgoblins (D:2)
  A kobold (D:2)
7 creatures vanquished.

Grand Total: 190 creatures vanquished

Notes
Turn   | Place    | Note
-------+----------+-------------------------------------------
     0 | D:1      | Moloch the Octopode Wizard began the quest for the Orb.
     0 | D:1      | Reached XP level 1. HP: 11/11 MP: 4/4
   267 | D:1      | Reached XP level 2. HP: 13/17 MP: 0/6
  1183 | D:1      | Reached XP level 3. HP: 21/21 MP: 6/8
  1187 | D:1      | Learned a level 2 spell: Blink
  1190 | D:1      | Learned a level 2 spell: Call Imp
  1194 | D:1      | Learned a level 3 spell: Mephitic Cloud
  1822 | D:2      | Noticed Robin
  2038 | D:2      | Reached skill level 4 in Spellcasting
  2109 | D:2      | Reached XP level 4. HP: 27/27 MP: 7/10
  2331 | D:2      | Killed Robin
  2461 | D:2      | Found a faded altar of an unknown god.
  2619 | D:2      | Found a glowing golden altar of the Shining One.
  2742 | D:3      | Reached XP level 5. HP: 31/31 MP: 3/11
  2929 | D:3      | Learned a level 3 spell: Conjure Flame
  3609 | D:3      | Reached XP level 6. HP: 33/36 MP: 3/13
  3788 | D:4      | Reached skill level 5 in Spellcasting
  4588 | D:4      | Reached skill level 5 in Conjurations
  4588 | D:4      | Reached XP level 7. HP: 39/41 MP: 7/15
  4937 | D:4      | Found a shimmering altar of Xom.
  5091 | D:4      | Found a staircase to the Ecumenical Temple.
  5196 | Temple   | Entered the Ecumenical Temple
  5203 | Temple   | Became a worshipper of Vehumet
  5251 | D:5      | Entered Level 5 of the Dungeon
  5352 | D:5      | Found a glowing drain.
  5375 | Sewer    | Entered a sewer
  5627 | Sewer    | Found a white marble altar of Elyvilon.
  5740 | D:5      | Reached skill level 6 in Spellcasting
  5951 | D:5      | Reached * piety under Vehumet
  5951 | D:5      | Offered knowledge of Freeze by Vehumet.
  5954 | D:5      | Learned a level 1 spell: Freeze
  5973 | D:5      | Reached XP level 8. HP: 46/46 MP: 11/17
  6565 | D:5      | Reached ** piety under Vehumet
  6565 | D:5      | Offered knowledge of Throw Frost by Vehumet.
  6833 | D:5      | Reached skill level 1 in Fire Magic
  7051 | D:5      | Reached skill level 7 in Spellcasting
  7185 | D:6      | Learned a level 4 spell: Force Lance
  7210 | D:6      | Noticed sankara's ghost (novice DrCj)
  7223 | D:6      | Found a deep blue altar of Sif Muna.
  7261 | D:6      | Offered knowledge of Ignite Poison by Vehumet.
  7630 | D:6      | Noticed Blork the orc
  7974 | D:6      | Killed from afar by sankara's ghost

Skill      XL: |  1  2  3  4  5  6  7  8 |
---------------+-------------------------+-----
Conjurations   | 2 3 4 5 6 |  6.9
Spellcasting   | 4 5 6 7 |  7.8
Fire Magic     | 2 |  2.7
Dodging        | |  2.0
Stealth        | |  2.6
Summonings     | |  1.0
Translocations | |  1.0

Action                   |  1- 3 |  4- 6 |  7- 9 || total
-------------------------+-------+-------+-------++-------
Melee: Spear             |    42 |    50 |       ||    92
       Constrict         |     7 |     7 |    22 ||    36
       Unarmed           |     1 |       |       ||     1
       Tentacles         |     2 |     3 |    15 ||    20
       Trident           |       |       |    44 ||    44
       Halberd           |       |       |   109 ||   109
 Cast: Magic Dart        |    73 |   147 |   119 ||   339
       Call Imp          |     3 |     5 |     4 ||    12
       Blink             |     1 |       |       ||     1
       Mephitic Cloud    |       |     8 |    36 ||    44
       Conjure Flame     |       |       |     3 ||     3
Evoke: Wand              |       |     1 |       ||     1
  Use: Scroll            |       |     7 |     1 ||     8
       Potion            |       |       |     6 ||     6
 Stab: Sleeping          |       |     1 |     1 ||     2
       Confused          |       |     2 |     8 ||    10
  Eat: Chunk             |     4 |     7 |    10 ||    21
       Ration            |       |       |     1 ||     1
Armor: Skin              |     3 |     1 |    10 ||    14
Dodge: Dodged            |    33 |    30 |    78 ||   141
